 Dungeon Crawl Stone Soup version 0.32-a0-42-ga30500b4d3 (webtiles) character file.

Game seed: 17651210866607514456

104 whatisthis the Vexing (level 4, -3/34 HPs)
             Began as a Gnoll Hexslinger on Jan 28, 2024.
             Killed from afar by Ijyb (11 damage)
             ... with a puff of flame
             ... on level 3 of the Dungeon.
             The game lasted 00:03:31 (1722 turns).

whatisthis the Vexing (Gnoll Hexslinger)            Turns: 1722, Time: 00:03:31

Health: -3/34      AC:  5    Str:  8    XL:     4   Next: 80%
Magic:  7/8        EV: 11    Int: 12    God:
Gold:   112        SH:  0    Dex: 16    Spells: 7/9 levels left

rFire   . . .        a - +1 sling
rCold   . . .        (no shield)
rNeg    . . .        j - +0 ring mail
rPois   .            (no helmet)
rElec   .            (no cloak)
rCorr   .            (no gloves)
SInv    .            (no boots)
Will    .....        (no amulet)
Stlth   +            (no ring)
HPRegen 0.25/turn    (no ring)
MPRegen 0.11/turn

%: no passive effects
@: lethally poisoned (-3 -> -17), weak-willed
A: fangs 1, strong nose, distributed training
a: no special abilities


You were on level 3 of the Dungeon.
You visited 1 branch of the dungeon, and saw 3 of its levels.

You collected 112 gold pieces.

Inventory:

Hand Weapons
 a - a +1 sling (weapon)
Missiles
 c - 4 poisoned darts
Armour
 d - a +0 leather armour
 i - a +0 buckler
 j - a +0 ring mail (worn)
Scrolls
 b - a scroll of poison
 e - a scroll of vulnerability {unknown}
 h - a scroll of silence {unknown}
 m - a scroll of noise {unknown}
 n - a scroll of fog {unknown}
Potions
 f - 2 potions of mutation {unknown}
 g - a potion of ambrosia {unknown}
 k - a potion of magic {unknown}
 l - a potion of brilliance {unknown}


   Skills:
 + Level 2.8 Fighting
 + Level 1.3 Short Blades
 + Level 1.3 Long Blades
 + Level 1.3 Axes
 + Level 1.3 Maces & Flails
 + Level 1.3 Polearms
 + Level 1.3 Staves
 + Level 4.7 Ranged Weapons
 + Level 1.3 Throwing
 + Level 1.3 Armour
 + Level 4.7 Dodging
 + Level 1.3 Stealth
 + Level 1.3 Shields
 + Level 1.3 Unarmed Combat
 + Level 3.1 Spellcasting
 + Level 1.0 Conjurations
 + Level 5.5 Hexes
 + Level 1.0 Summonings
 + Level 1.0 Necromancy
 + Level 1.0 Translocations
 + Level 2.3 Fire Magic
 + Level 1.0 Ice Magic
 + Level 1.0 Air Magic
 + Level 1.0 Earth Magic
 + Level 1.0 Alchemy
 + Level 1.4 Invocations
 + Level 1.3 Evocations
 + Level 1.2 Shapeshifting


You had 7 spell levels left.
You knew the following spells:

 Your Spells              Type           Power      Damage    Failure   Level
a - Jinxbite              Hex            30%        N/A       12%         2

Your spell library contained the following spells:

 Spells                   Type           Power      Damage    Failure   Level
 Sigil of Binding         Hex            15%        N/A       22%         3
 Inner Flame              Hex/Fire       11%        N/A       41%         3
 Cause Fear               Hex            7%         N/A       58%         4
 Dimensional Bullseye     Hex/Tloc       4%         N/A       88%         4


Dungeon Overview and Level Annotations

Branches:
Dungeon (3/15)

Altars:

Shops:
D:1 :

Annotations:
D:3 Ijyb


Innate Abilities, Weirdness & Mutations

You have very sharp teeth.
Your uncanny sense of smell can sniff out nearby items.
Your experience applies equally to all skills.


Message History

Press: ? - help, Q - select action, (/) - cycle Shift-Dir - straight line, f/p - Ijyb
Aim: Ijyb, wielding a +0 dagger of venom, wearing a +0 scale mail and carrying a wand of flame (heavily wounded, chance to call a sprite on attack: 57%, 58% to hit)
You shoot a sling bullet.
The sling bullet hits Ijyb but does no damage.
Ijyb is heavily wounded.
Ijyb zaps a wand.
The puff of flame hits you.
Fire: a) +1 sling
Press: ? - help, Q - select action, (/) - cycle Shift-Dir - straight line, f/p - Ijyb
Aim: Ijyb, wielding a +0 dagger of venom, wearing a +0 scale mail and carrying a wand of flame (heavily wounded, chance to call a sprite on attack: 57%, 58% to hit)
You shoot a sling bullet. The sling bullet hits Ijyb.
Ijyb is severely wounded.
A giggling sprite leaps out and bonks Ijyb with its +0 dagger of venom.
Ijyb is severely wounded.
Ijyb misses you.
Fire: a) +1 sling
Press: ? - help, Q - select action, (/) - cycle Shift-Dir - straight line, f/p - Ijyb
Aim: Ijyb, wielding a +0 dagger of venom, wearing a +0 scale mail and carrying a wand of flame (severely wounded, heavily drained, chance to call a sprite on attack: 63%, 58% to hit)
You shoot a sling bullet. The sling bullet hits Ijyb.
Ijyb is almost dead.
Ijyb zaps a wand.
The puff of flame hits you. Ijyb hits you but does no damage.
You are poisoned.
Fire: a) +1 sling
Press: ? - help, Q - select action, (/) - cycle Shift-Dir - straight line, f/p - Ijyb
Aim: Ijyb, wielding a +0 dagger of venom, wearing a +0 scale mail and carrying a wand of flame (almost dead, heavily drained, chance to call a sprite on attack: 63%, 58% to hit)
You shoot a sling bullet. The sling bullet barely misses Ijyb.
A giggling sprite leaps out and smacks Ijyb with her own hand.
Ijyb is almost dead.
The jinxing sprites lose interest in you.
You feel very sick. Ijyb hits you but does no damage.
You are lethally poisoned!
Unknown command.
Fire: a) +1 sling
Press: ? - help, Q - select action, (/) - cycle Shift-Dir - straight line, f/p - Ijyb
Aim: Ijyb, wielding a +0 dagger of venom, wearing a +0 scale mail and carrying a wand of flame (almost dead, heavily drained, 58% to hit)
You shoot a sling bullet. The sling bullet barely misses Ijyb.
* * * LOW HITPOINT WARNING * * *
You feel very sick.
Ijyb zaps a wand.
The puff of flame hits you!
You die...

∆ ∆ ## ... ....
....<
......#######.###
......†.g@.......
.....########.###
### ∆


You could see Ijyb (very drained).

Vanquished Creatures
  A jelly (D:2)
  4 adders (D:2)
  A dart slug (D:2)
  2 bats
  2 endoplasms
  6 goblins
  4 hobgoblins
  4 jackals (D:2)
  A quokka (D:1)
  2 ball pythons
  A frilled lizard (D:2)
  5 kobolds
  4 rats
37 creatures vanquished.

Notes
Turn   | Place    | Note
-------+----------+-------------------------------------------
     0 | D:1      | whatisthis the Gnoll Hexslinger began the quest for the
                  | Orb.
     0 | D:1      | Reached XP level 1. HP: 17/17 MP: 4/4
     3 | D:1      | Found Kami's Book Shop.
   258 | D:1      | Reached XP level 2. HP: 23/23 MP: 5/5
   486 | D:1      | Found a faded altar of an unknown god.
   502 | D:1      | Learned a level 2 spell: Jinxbite
   871 | D:2      | Reached XP level 3. HP: 28/28 MP: 5/7
   943 | D:2      | Reached skill level 1 in Short Blades
   943 | D:2      | Reached skill level 1 in Long Blades
   943 | D:2      | Reached skill level 1 in Axes
   943 | D:2      | Reached skill level 1 in Maces & Flails
   943 | D:2      | Reached skill level 1 in Polearms
   943 | D:2      | Reached skill level 1 in Staves
   943 | D:2      | Reached skill level 1 in Throwing
   943 | D:2      | Reached skill level 1 in Armour
   943 | D:2      | Reached skill level 1 in Stealth
   943 | D:2      | Reached skill level 1 in Shields
   943 | D:2      | Reached skill level 1 in Unarmed Combat
   943 | D:2      | Reached skill level 1 in Invocations
   943 | D:2      | Reached skill level 1 in Evocations
   943 | D:2      | Reached skill level 1 in Shapeshifting
   943 | D:2      | Reached XP level 4. HP: 34/34 MP: 8/8
  1060 | D:2      | Reached skill level 1 in Conjurations
  1060 | D:2      | Reached skill level 1 in Summonings
  1060 | D:2      | Reached skill level 1 in Necromancy
  1060 | D:2      | Reached skill level 1 in Translocations
  1060 | D:2      | Reached skill level 1 in Ice Magic
  1060 | D:2      | Reached skill level 1 in Air Magic
  1060 | D:2      | Reached skill level 1 in Earth Magic
  1060 | D:2      | Reached skill level 1 in Alchemy
  1709 | D:3      | Noticed Ijyb
  1722 | D:3      | Killed from afar by Ijyb

Illustrated notes

Levels and vault maps discovered:
D:1:      wander_arrival_desolate, layout_basic, serial_shops, shop,
          shapermc_ecumenical_altar_ellora, serial_forest,
          infiniplex_forest_end_double, infiniplex_forest_end_2,
          infiniplex_forest_clump_cross, infiniplex_forest_join,
          infiniplex_forest_straight_2, infiniplex_forest_straight_3,
          infiniplex_forest_clump_curved, amcnicky_mini_pool_small,
          palyth_stone_intersect
D:2:      layout_basic, st_stairs_3, nicolae_houndstooth_variations
D:3:      layout_basic, hangedman_decor_points, uniq_crazy_yiuf_cottage,
          uniq_ijyb

Skill      XL: |  1  2  3  4 |
---------------+-------------+-----
Fire Magic     | 2 |  2.3
Short Blades   | 1 |  1.3
Long Blades    | 1 |  1.3
Axes           | 1 |  1.3
Maces & Flails | 1 |  1.3
Polearms       | 1 |  1.3
Staves         | 1 |  1.3
Throwing       | 1 |  1.3
Armour         | 1 |  1.3
Stealth        | 1 |  1.3
Shields        | 1 |  1.3
Unarmed Combat | 1 |  1.3
Invocations    | 1 |  1.4
Evocations     | 1 |  1.3
Shapeshifting  | 1 |  1.2
Spellcasting   | 3 |  3.1
Conjurations   | 1 |  1.0
Summonings     | 1 |  1.0
Necromancy     | 1 |  1.0
Translocations | 1 |  1.0
Ice Magic      | 1 |  1.0
Air Magic      | 1 |  1.0
Earth Magic    | 1 |  1.0
Alchemy        | 1 |  1.0
Fighting       | |  2.8
Ranged Weapons | |  4.7
Dodging        | |  4.7
Hexes          | |  5.5

Action                     |  1- 3 |  4- 6 || total
---------------------------+-------+-------++-------
   Fire: Sling             |    54 |    40 ||    94
   Cast: Jinxbite          |     2 |     2 ||     4
 Armour: Leather armour    |     4 |     2 ||     6
         Ring mail         |       |    10 ||    10
  Dodge: Dodged            |     9 |    11 ||    20

Table legend: (Time is in decaauts)
 A = Elapsed time spent in this place.
 B = Non-inter-level travel time spent in this place.
 C = Inter-level travel time spent in this place.
 D = Time resting spent in this place.
 E = Time spent auto-exploring this place.
 F = Levels seen in this place.
 G = Mean time per level.
                   A        B        C        D        E       F      G
               +--------+--------+--------+--------+--------+-----+--------+
         Total |   1746 |   1622 |    124 |     22 |   1183 |   3 |  582.0 |
       Dungeon |   1746 |   1622 |    124 |     22 |   1183 |   3 |  582.0 |
               +--------+--------+--------+--------+--------+-----+--------+

Top non-repeatable levels by time:
     D:2: 865 daAuts
     D:1: 864 daAuts
     D:3: 16 daAuts
